 Dungeon Crawl Stone Soup version 0.28.0-53-g5a82cb258f (webtiles) character file.

Game seed: 15227922110815385300

5986 doricub5 the Fighter (level 10, -13/111 HPs)
             Began as a Minotaur Fighter on July 22, 2022.
             Was an Initiate of Okawaru.
             Mangled by Erolcha
             ... wielding a +0 giant club
              (19 damage)
             ... on level 9 of the Dungeon.
             The game lasted 00:55:22 (9062 turns).

doricub5 the Fighter (Minotaur Fighter)             Turns: 9062, Time: 00:55:22

Health: -13/111    AC: 28    Str: 22    XL:     10   Next: 55%
Magic:  10/10      EV:  6    Int:  8    God:    Okawaru [......]
Gold:   315        SH:  0    Dex: 13    Spells: 9/9 levels left

rFire   . . .      SeeInvis .   J - +9 lajatang of Fedhas's Pride {holy, Fly Str-2 Int+3 Dex+2}
rCold   . . .      Faith    .   (shield currently unavailable)
rNeg    . . .      Spirit   .   G - +0 crystal plate armour
rPois   .          Reflect  .   (helmet unavailable)
rElec   .          Harm     .   l - +2 cloak
rCorr   .          Rampage  .   n - +0 pair of gloves
Will    .....                   t - +0 pair of boots
Stlth   ..........              (no amulet)
HPRegen 0.28/turn               (no ring)
MPRegen 0.12/turn               (no ring)

@: mighty, flying, slowed, very slow
A: horns 3, retaliatory headbutt, iridescent scales 1, robust 1, wild magic 2
a: Renounce Religion


You were on level 9 of the Dungeon.
You worshipped Okawaru.
Okawaru was noncommittal.
You visited 2 branches of the dungeon, and saw 10 of its levels.
You also visited: Ossuary and Bailey.

You collected 339 gold pieces.
You spent 24 gold pieces at shops.

Inventory:

Hand Weapons
 d - a +3 arbalest of venom
 J - the +9 lajatang of Fedhas's Pride (weapon) {holy, Fly Str-2 Int+3 Dex+2}
   (You found it on level 8 of the Dungeon)

   It has been blessed by the Shining One to cause great damage to the undead
   and demons.
   Str:       It affects your strength (-2).
   Int:       It affects your intelligence (+3).
   Dex:       It affects your dexterity (+2).
   Fly:       It grants you flight.
Missiles
 E - 121 bolts
Armour
 l - a +2 cloak (worn)
 n - a +0 pair of gloves (worn)
 t - a +0 pair of boots (worn)
 G - a +0 crystal plate armour (worn)
Wands
 b - a wand of polymorph (17)
 h - a wand of flame (24)
Scrolls
 a - 2 scrolls of identify
 e - a scroll of torment
 f - 3 scrolls of fear
 g - a scroll of fog {unknown}
 m - a scroll of blinking
 p - a scroll of noise {unknown}
 q - a scroll of immolation {unknown}
 r - a scroll of silence
 u - 2 scrolls of magic mapping
 A - a scroll of holy word {unknown}
 D - 2 scrolls of teleportation {unknown}
 I - 3 scrolls of summoning {unknown}
Potions
 c - 2 potions of magic {unknown}
 i - 2 potions of cancellation
 k - 2 potions of heal wounds
 v - a potion of invisibility {unknown}
 w - a potion of resistance
 z - 2 potions of curing
 C - a potion of haste {unknown}
 F - 3 potions of mutation


   Skills:
 * Level 13.0 Fighting
 - Level 7.6 Long Blades
 + Level 2.0 Staves
 + Level 2.9 Crossbows
 + Level 9.6 Armour
 - Level 6.0 Dodging
 - Level 4.3 Shields
 + Level 1.4 Invocations


You had 9 spell levels left.
You didn't know any spells.
Your spell library contained the following spells:

 Spells                   Type           Power      Damage    Failure   Level
 Sandblast                Erth           0%         2d4       100%        1
 Slow                     Hex            0%         N/A       100%        1
 Passwall                 Tmut/Erth      0%         N/A       100%        2
 Confusing Touch          Hex            0%         N/A       100%        3
 Stone Arrow              Conj/Erth      0%         3d7       100%        3
 Vampiric Draining        Necr           0%         2d6       100%        3


Dungeon Overview and Level Annotations

Branches:
Dungeon (9/15)             Temple (1/1) D:7         Ossuary (visited)
 Bailey (visited)
   Lair: D:8-11         Orc: D:9-12

Altars:
Ashenzari
Cheibriados
Dithmenos
Elyvilon
Fedhas
Hepliaklqana
Kikubaaqudgha
Makhleb
Okawaru
Qazlal
Ru
Uskayaw
Wu Jian
Xom
Yredelemnul
Zin

Shops:
D:2 ?

Annotations:
D:2 SHOPS
D:9 stash, Erica, Erolcha


Innate Abilities, Weirdness & Mutations

You have a pair of large horns on your head.
You reflexively headbutt those who attack you in melee.
You are partially covered in iridescent scales. (AC +2)
You are robust. (+10% HP)
Your spells are harder to cast, but more powerful.


Message History

Erica is severely wounded.
You feel extremely sick.
Erica mumbles some strange words.
Erica flickers and vanishes!
Something hits you.
You hear some strange, mumbled words.
You feel as though you will be slow longer.
Something hits you.
You hit something.
You feel very sick.
You hear some strange, mumbled words.
A lance of force appears from out of thin air!
The lance of force hits you!
You are knocked back by the lance of force.
You slam into the rock wall!
Something hits you.
You slash something! You headbutt something!
You feel very sick. Something hits you. x2
You hear some strange, mumbled words.
A lance of force appears from out of thin air!
The lance of force hits you!!
* * * LOW HITPOINT WARNING * * *
You are knocked back by the lance of force.
You slam into the rock wall!
You feel much better.
You feel sick. Something hits you!
* * * LOW HITPOINT WARNING * * *
Something hits you but does no damage.
You feel very mighty all of a sudden.
You feel sick. Something hits you.
* * * LOW HITPOINT WARNING * * *
You hear some strange, mumbled words.
Something tries to affect you, but you resist.
Something hits you.
* * * LOW HITPOINT WARNING * * *
Something completely misses you.
You closely miss something.
You feel sick.
You are no longer poisoned.
Something hits you!
* * * LOW HITPOINT WARNING * * *
Something hits you but does no damage. Something hits you!!
You die...

.... ...................... ....
...................... .... .
...................## .... ..
.................... .... .. ...
#.................
#####'#####..###.................
..........#...................###
..........#....{{#########'####..
..........#.....@#.....##........
..........########.....##........
.##.......##.....#.....##........
.##.......##.....#.....##........
..'........#.....#.....##....####
..#........#.....#.....##....#...
..#........#.....#.....##....#...
..#..).....#.....'.....##....#.#.
###..)..####..####'###########...


There were no monsters in sight!

Vanquished Creatures
  Pikel (D:6)
  Sigmund (D:4)
  5 yaks
  A water moccasin (D:5)
  6 orc warriors (Bailey)
  A black bear (D:7)
  A sky beast (D:8)
  2 ice beasts
  A necrophage (D:5)
  3 ogres
  5 centaurs
  2 kobold brigands (D:7)
  A bullfrog (D:8)
  2 gnoll sergeants
  A wyvern zombie (D:8)
  6 water moccasin zombies (Ossuary)
  5 scorpions
  4 killer bees (D:9)
  5 wights (D:7)
  2 howler monkeys (D:8)
  A bullfrog zombie (D:6)
  A centaur zombie (D:9)
  3 jellies
  A hound (D:2)
  An orc priest (D:8)
  2 centaur skeletons
  A gnoll shaman (D:9)
  2 iguanas
  Jessica (D:2)
  9 orc wizards
  A killer bee zombie (D:6)
  2 hound skeletons
  2 mummies (Ossuary)
  A howler monkey zombie (D:9)
  12 gnolls
  6 adders
  A shadow imp (D:5)
  A white imp (D:5)
  An ufetubus (D:5)
  3 adder zombies (Ossuary)
  4 worms
  A dart slug (D:1)
  34 orcs
  4 bats (D:1)
  7 endoplasms
  A giant cockroach (D:3)
  A gnoll zombie (Ossuary)
  9 goblins
  4 hobgoblins
  2 jackals (D:1)
  3 quokkas
  5 ball pythons
  3 frilled lizards
  4 hobgoblin zombies (Ossuary)
  A jackal zombie (D:7)
  13 kobolds
  4 kobold zombies (Ossuary)
  8 orc zombies (Ossuary)
  5 rats
220 creatures vanquished.

Vanquished Creatures (collateral kills)
  An orc knight (Bailey)
1 creature vanquished.

Vanquished Creatures (others)
  An orc (Bailey)
1 creature vanquished.

Grand Total: 222 creatures vanquished

Notes
Turn   | Place    | Note
-------+----------+-------------------------------------------
     0 | D:1      | doricub5 the Minotaur Fighter began the quest for the Orb.
     0 | D:1      | Reached XP level 1. HP: 19/19 MP: 0/0
   117 | D:1      | Reached skill level 4 in Fighting
   128 | D:1      | Found a faded altar of an unknown god.
   200 | D:1      | Reached XP level 2. HP: 27/27 MP: 1/1
  1016 | D:2      | Reached XP level 3. HP: 30/34 MP: 2/2
  1054 | D:2      | Found a blossoming altar of Fedhas.
  1057 | D:2      | Found Emokozigg's Magic Scroll Shoppe.
  1065 | D:2      | Noticed Jessica
  1073 | D:2      | Killed Jessica
  1074 | D:2      | Reached skill level 5 in Fighting
  1078 | D:2      | Bought a scroll of identify for 24 gold pieces
  1081 | D:2      | Gained mutation: You are agile. (Dex +2) [potion of
                  | mutation]
  1081 | D:2      | Gained mutation: You are frail. (-10% HP) [potion of
                  | mutation]
  1081 | D:2      | Gained mutation: You are partially covered in iridescent
                  | scales. (AC +2) [potion of mutation]
  1081 | D:2      | Gained mutation: Your spells are a little harder to cast,
                  | but a little more powerful. [potion of mutation]
  1366 | D:2      | Reached XP level 4. HP: 34/37 MP: 3/3
  1494 | D:3      | Found an ornate altar of the Wu Jian Council.
  1588 | D:3      | Found a shimmering altar of Xom.
  1876 | D:3      | Found an ancient bone altar of Kikubaaqudgha.
  1879 | D:3      | Found a white marble altar of Elyvilon.
  1987 | D:3      | Found a broken altar of Ashenzari.
  1987 | D:3      | Found a basalt altar of Yredelemnul.
  2077 | D:3      | Reached XP level 5. HP: 45/45 MP: 4/4
  2203 | D:3      | Reached skill level 1 in Dodging
  2377 | D:3      | Reached skill level 6 in Fighting
  2529 | D:4      | Lost mutation: You are frail. (-10% HP) [potion of
                  | mutation]
  2529 | D:4      | Lost mutation: You are agile. (Dex +2) [potion of mutation]
  2529 | D:4      | Gained mutation: Your spells are harder to cast, but more
                  | powerful. [potion of mutation]
  2529 | D:4      | Gained mutation: You have a pair of large horns on your
                  | head. [potion of mutation]
  2529 | D:4      | Gained mutation: You are robust. (+10% HP) [potion of
                  | mutation]
  2657 | D:4      | Noticed an ogre
  2665 | D:4      | Killed an ogre
  2666 | D:4      | Reached skill level 5 in Armour
  2729 | D:4      | Reached XP level 6. HP: 63/63 MP: 5/5
  2745 | D:4      | Reached skill level 7 in Fighting
  2829 | D:4      | Noticed Sigmund
  2843 | D:4      | Killed Sigmund
  2980 | D:4      | Reached XP level 7. HP: 72/72 MP: 6/6
  3164 | D:5      | Entered Level 5 of the Dungeon
  3213 | D:5      | Noticed a yak
  3213 | D:5      | Noticed a yak
  3214 | D:5      | Noticed a yak
  3215 | D:5      | Noticed a yak
  3216 | D:5      | Noticed a yak
  3358 | D:4      | Killed a yak
  3359 | D:4      | Reached skill level 8 in Fighting
  3371 | D:4      | Killed a yak
  3385 | D:4      | Killed a yak
  3386 | D:4      | Reached XP level 8. HP: 11/84 MP: 7/7
  3702 | D:4      | Reached skill level 9 in Fighting
  4163 | D:5      | Reached skill level 5 in Dodging
  4378 | D:5      | Reached skill level 5 in Long Blades
  4623 | D:5      | Reached skill level 10 in Fighting
  5182 | D:6      | Reached XP level 9. HP: 93/93 MP: 8/8
  5539 | D:6      | Noticed Pikel
  5569 | D:6      | Killed Pikel
  5573 | D:6      | Reached skill level 11 in Fighting
  5734 | D:7      | Found a sand-covered staircase.
  5740 | Ossuary  | Entered an ossuary
  5996 | D:7      | Found a flagged portal.
  6062 | Bailey   | Entered a bailey
  6089 | Bailey   | Reached skill level 12 in Fighting
  6250 | Bailey   | HP: 2/99 [orc/bolt (4)]
  6668 | Bailey   | Reached XP level 10. HP: 96/106 MP: 9/9
  6683 | Bailey   | Noticed an orc knight
  6691 | Bailey   | Killed an orc knight
  6692 | Bailey   | Reached skill level 1 in Crossbows
  7067 | D:7      | Found a staircase to the Ecumenical Temple.
  7076 | Temple   | Entered the Ecumenical Temple
  7253 | Temple   | Became a worshipper of Warmaster Okawaru
  7283 | D:7      | Identified the +5 ring mail of Grace {Str+2}
  7561 | D:8      | Identified the +9 lajatang of Fedhas's Pride {holy, Fly
                  | Str-2 Int+3 Dex+2}
  7817 | D:8      | Reached skill level 1 in Staves
  8138 | D:8      | Reached skill level 1 in Invocations
  8333 | D:9      | Reached skill level 13 in Fighting
  8753 | D:9      | Identified the +4 flail of Ile Piff {vorpal, rPois Will+
                  | Str+3 Int+2}
  9044 | D:9      | Noticed Erolcha
  9048 | D:9      | Noticed Erica
  9062 | D:9      | Mangled by Erolcha

Illustrated notes

Levels and vault maps discovered:
D:1:      sevenhm_arrival_forest_fort_large_2, layout_basic,
          chequers_ecumenical_altar_island, minmay_pentomino_x4
D:2:      layout_rooms, basic_altar, serial_shops,
          nicolae_shop_competitors_out_of_business, uniq_jessica
D:3:      layout_loops_corners, nicolae_wu_jian_wuxing_cycle,
          nicolae_overflow_crystal_walls, nicolae_overflow_hidden_temple
D:4:      layout_cave_pools, st_stairs_10, uniq_sigmund
D:5:      layout_layer_cave
D:6:      layout_rooms, chequers_avenue, uniq_pikel
D:7:      layout_basic, minmay_temple_entry_sparse_star, enter_bailey_3,
          enter_ossuary_3
D:8:      layout_basic, amethyst_killhole
D:9:      layout_stronghold, chequers_serial_rivers_room_a,
          hangedman_abyss_or_decor_stabs, minmay_misc_feat_doors,
          eino_small_chamber_without_monster, minmay_misc_feat_chi, uniq_erica,
          uniq_erolcha, uniq_maurice
Temple:   regret_index_temple_generic_petals

Skill      XL: |  1  2  3  4  5  6  7  8  9 10 |
---------------+-------------------------------+-----
Fighting       | 4 5 6 7 8 10 12 13 | 13.0
Armour         | 4 5 6 7 9 |  9.6
Dodging        | 2 3 4 5 6 |  6.0
Long Blades    | 3 5 7 |  7.6
Crossbows      | 2 |  2.9
Shields        | 4 |  4.3
Staves         | 2 |  2.0
Invocations    | 1 |  1.4

Action                   |  1- 3 |  4- 6 |  7- 9 | 10-12 || total
-------------------------+-------+-------+-------+-------++-------
Melee: Long sword        |    64 |    84 |   320 |    83 ||   551
       Headbutt          |     9 |    13 |    62 |    18 ||   102
       Lajatang          |       |       |       |    39 ||    39
 Fire: Arbalest          |       |       |       |    39 ||    39
Evoke: Wand              |       |     5 |     1 |     4 ||    10
  Use: Scroll            |     6 |     4 |     6 |     8 ||    24
       Potion            |     1 |     1 |     3 |     2 ||     7
Armor: Scale mail        |    23 |    43 |       |       ||    66
       Chain mail        |       |     2 |   237 |       ||   239
       Crystal plate arm |       |       |     4 |   139 ||   143
Dodge: Dodged            |    25 |    33 |   190 |    49 ||   297
Block: Buckler           |    15 |    14 |    98 |    13 ||   140
